 Dungeon Crawl Stone Soup version 0.30-a0-358-g0d69a1922f (webtiles) character file.

Game seed: 18081770425887050725

1283 PimpSugar the Magician (level 8, -2/58 HPs)
             Began as a Demonspawn Hedge Wizard on Nov 8, 2022.
             Was a Follower of Vehumet.
             Slain by an ogre
             ... wielding a +0 giant club
              (13 damage)
             ... on level 6 of the Dungeon.
             The game lasted 00:22:29 (6264 turns).

PimpSugar the Magician (Demonspawn Hedge Wizard)    Turns: 6264, Time: 00:22:29

Health: -2/58      AC:  7    Str: 16    XL:     8   Next: 29%
Magic:  0/16       EV: 12    Int: 18    God:    Vehumet [*.....]
Gold:   332        SH:  0    Dex: 16    Spells: 8/17 levels left

rFire   + . .      SeeInvis +    n - +9 dagger "Lyetien" {drain, rF+ Dex+3}
rCold   . . .      Faith    +    (no shield)
rNeg    . . .      Spirit   +    t - +2 leather armour
rPois   .          Reflect  .    c - +0 hat
rElec   .          Harm     .    (no cloak)
rCorr   .          Rampage  .    (no gloves)
Will    .....                    (no boots)
Stlth   ++........               u - amulet of faith
HPRegen 0.29/turn                e - ring of see invisible
MPRegen 0.30/turn                h - +6 ring of strength

@: no status effects
A: hooves 2, molten scales 1, magic shield, magic regeneration
a: Renounce Religion


You were on level 6 of the Dungeon.
You worshipped Vehumet.
Vehumet was aware of your devotion.
You visited 2 branches of the dungeon, and saw 7 of its levels.

You collected 332 gold pieces.

Inventory:

Hand Weapons
 a - a +0 dagger
 n - the +9 dagger "Lyetien" (weapon) {drain, rF+ Dex+3}
   (You found it on level 2 of the Dungeon)

   A truly terrible weapon, it drains the life of any living foe it strikes.
   Dex:       It affects your dexterity (+3).
   rF:        It protects you from fire.
 z - a +2 short sword of speed
 D - a +0 dagger of venom
 E - a +2 vampiric dagger
Missiles
 g - 58 stones (quivered)
 k - 2 throwing nets
 q - 6 poisoned darts
 w - a boomerang
Armour
 b - a +0 robe
 c - a +0 hat (worn)
 j - a +0 buckler
 t - a +2 leather armour (worn)
Magical Staves
 l - a staff of fire
Jewellery
 e - a ring of see invisible (left hand)
 h - a +6 ring of strength (right hand)
 p - a ring of see invisible
 u - an amulet of faith (around neck)
Wands
 C - a wand of flame (20)
Scrolls
 f - 4 scrolls of identify
 i - 6 scrolls of teleportation
 m - a scroll of summoning
 v - a scroll of poison
 x - 4 scrolls of butterflies
 y - a scroll of immolation
 A - a scroll of amnesia
Potions
 d - 2 potions of magic
 r - 2 potions of mutation
 s - a potion of might {unknown}
 B - a potion of flight
 F - a potion of invisibility {unknown}


   Skills:
 + Level 3.1 Fighting
 - Level 1.7 Dodging
 - Level 1.7 Stealth
 * Level 5.4 Spellcasting
 * Level 4.9 Conjurations
 + Level 3.1 Summonings
 + Level 2.9 Translocations
 + Level 2.6 Fire Magic
 + Level 0.2 Air Magic
 + Level 2.8 Evocations


You had 8 spell levels left.
You knew the following spells:

 Your Spells              Type           Power      Damage    Failure   Level
a - Magic Dart            Conj           88%        1d7       1%          1
b - Call Imp              Summ           16%        N/A       7%          2
c - Iskenderun's Battles  Conj           22%        2d8       50%         5
d - Shock                 Conj/Air       56%        1d6       5%          1

Your spell library contained the following spells:

 Spells                   Type           Power      Damage    Failure   Level
 Momentum Strike          Conj/Tloc      36%        3d9       4%          2
 Blink                    Tloc           30%        N/A       7%          2
 Gell's Gravitas          Tloc           15%        N/A       14%         3
 Lesser Beckoning         Tloc           30%        N/A       14%         3
 Teleport Other           Tloc           15%        N/A       14%         3
 Slow                     Hex            16%        N/A       16%         1
 Cigotuvi's Dreadful Rot  Necr/Pois/Air  10%        N/A       22%         2
 Mephitic Cloud           Conj/Pois/Air  11%        N/A       24%         3
 Portal Projectile        Hex/Tloc       20%        N/A       26%         3
 Tukima's Dance           Hex            4%         N/A       43%         3
 Fireball                 Conj/Fire      9%         3d6       67%         5
 Blade Hands              Tmut           2%         N/A       99%         5
 Conjure Ball Lightning   Conj/Air       7%         3x3d6     100%        6
 Orb of Destruction       Conj           11%        9d6       100%        7


Dungeon Overview and Level Annotations

Branches:
Dungeon (6/15)             Temple (1/1) D:4

Altars:
Cheibriados
Dithmenos
Fedhas
Gozag
Makhleb
Nemelex Xobeh
Okawaru
Qazlal
Ru
Sif Muna
Trog
Uskayaw
Vehumet
Wu Jian
Xom
Yredelemnul

Shops:
D:6 [


Innate Abilities, Weirdness & Mutations

You have hoof-like feet.
You are partially covered in molten scales. (AC +2)
When hurt, damage is shared between your health and your magic reserves.
You regenerate magic rapidly.


Message History

Pain shoots through your body!
Your magical contamination has completely faded away.
You hit the shadow imp. Your kick misses the shadow imp.
The shadow imp is almost dead.
The gnoll hits you from afar with a +0 halberd.
The shadow imp misses you.
You closely miss the shadow imp.
The shadow imp is almost dead.
The ogre misses you.
The gnoll hits you from afar with a +0 halberd!
The shadow imp hits you.
You feel better. The gnoll closely misses you. The ogre closely misses you.
The shadow imp barely misses you.
Your crimson imp blinks!
You barely miss the ogre. You kick the ogre!
The ogre is moderately wounded.
The gnoll hits you from afar with a +0 halberd.
The shadow imp gestures at you.
You struggle to resist.
Casting: Call Imp (safe; 7% risk of failure)
Confirm with . or Enter, or press ? or * to list all spells.
You don't know that spell.
You hit the shadow imp.
You kill the shadow imp!
Vehumet accepts your kill.
The ogre hits you with a +0 giant club!!
* * * LOW HITPOINT WARNING * * *
You feel better. The ogre closely misses you.
Your crimson imp blinks!
Aiming: Throw Flame
Press: ? - help, Shift-Dir - straight line, f - ogre, p - gnoll
Aim: an ogre, wielding a +0 giant club (moderately wounded, ally target, 86% to hit)
The puff of flame misses the ogre.
The ogre completely misses you. The gnoll sergeant barely misses you.
Casting: Call Imp (safe; 7% risk of failure)
Confirm with . or Enter, or press ? or * to list all spells.
A beastly little devil appears in a puff of frigid air.
Your crimson imp disappears in a puff of smoke!
The ogre hits you with a +0 giant club!
You die...

#########.#.####.#......
#.#....#.#.####
#.#.##.#.#....#
#.#.........#.#
###.##.#.####.#.## #########
#................. ........#
#.#......####.#[## ........#
#.#...............
.....<..###@.5..........#.#.
........'SO............)....
.......g#g#§..#.....#.#.#...
........#g#.....#.#.#.†.#.#.
.######.g.#g.##.#...........
#.#.#..#....##.....##.
#.#.#..##.............
#......##....#.###)#..
#S#.##.##.............


You could see an ogre (ally target), a gnoll sergeant, 4 gnolls, an adder and a
friendly white imp (summoned).

Vanquished Creatures
  2 water moccasins (D:6)
  Duvessa (D:6)
  A sky beast (D:5)
  A phantom (D:6)
  2 scorpions (D:5)
  Dowan (D:6)
  A jelly (D:5)
  An orc priest (D:4)
  4 hounds
  A gnoll bouda (D:5)
  2 iguanas (D:5)
  5 orc wizards
  3 gnolls (D:5)
  9 adders
  2 shadow imps (D:6)
  2 ufetubi
  A worm (D:4)
  3 dart slugs
  7 orcs
  8 endoplasms
  A giant cockroach (D:3)
  5 hobgoblins
  4 jackals (D:3)
  5 quokkas
  6 ball pythons
  3 bats
  A frilled lizard (D:1)
  4 goblins
  12 kobolds
  5 rats
103 creatures vanquished.

Vanquished Creatures (collateral kills)
  A hound (D:6)
  A gnoll (D:6)
  An adder (D:2)
  A kobold (D:2)
4 creatures vanquished.

Vanquished Creatures (others)
  An orc (D:5)
1 creature vanquished.

Grand Total: 108 creatures vanquished

Notes
Turn   | Place    | Note
-------+----------+-------------------------------------------
     0 | D:1      | PimpSugar the Demonspawn Hedge Wizard began the quest for
                  | the Orb.
     0 | D:1      | Reached XP level 1. HP: 13/13 MP: 4/4
    29 | D:1      | Noticed a basilisk
    29 | D:1      | Noticed a ragged hierophant
    30 | D:1      | Noticed a hell rat
    30 | D:1      | Noticed a centaur warrior
   371 | D:1      | Gained mutation: You have large cloven feet. [demonic
                  | ancestry]
   371 | D:1      | Reached XP level 2. HP: 20/20 MP: 4/6
  1497 | D:2      | Learned a level 2 spell: Call Imp
  1538 | D:2      | Reached skill level 1 in Translocations
  1538 | D:2      | Gained mutation: You are partially covered in molten
                  | scales. (AC +2) [demonic ancestry]
  1538 | D:2      | Reached XP level 3. HP: 24/25 MP: 0/7
  1716 | D:2      | Reached skill level 1 in Fighting
  2058 | D:2      | Identified the +9 dagger "Lyetien" {drain, rF+ Dex+3}
  2096 | D:2      | Found a hide-covered altar of Uskayaw.
  2259 | D:3      | Gained mutation: You regenerate magic rapidly. [demonic
                  | ancestry]
  2259 | D:3      | Reached XP level 4. HP: 32/32 MP: 7/9
  3029 | D:4      | Gained mutation: You have hoof-like feet. [demonic
                  | ancestry]
  3029 | D:4      | Reached XP level 5. HP: 37/37 MP: 10/10
  3032 | D:4      | Reached skill level 1 in Fire Magic
  3037 | D:4      | Reached skill level 1 in Evocations
  3141 | D:4      | Found a staircase to the Ecumenical Temple.
  3161 | D:4      | Reached skill level 4 in Spellcasting
  3296 | Temple   | Entered the Ecumenical Temple
  4074 | D:5      | Entered Level 5 of the Dungeon
  4074 | D:5      | Noticed a sky beast
  4085 | D:5      | Killed a sky beast
  4086 | D:5      | Gained mutation: When hurt, damage is shared between your
                  | health and your magic reserves. [demonic ancestry]
  4086 | D:5      | Reached XP level 6. HP: 32/44 MP: 10/12
  4221 | D:5      | Found a hide-covered altar of Uskayaw.
  4384 | D:5      | Reached XP level 7. HP: 50/50 MP: 10/13
  4454 | D:5      | Found a radiant altar of Vehumet.
  5110 | D:5      | Became a worshipper of Vehumet
  5613 | D:6      | Found Lyklomi's Armour Emporium.
  5835 | D:6      | Noticed Duvessa
  5835 | D:6      | Noticed Dowan
  5842 | D:6      | Reached skill level 5 in Spellcasting
  5850 | D:6      | Killed Duvessa
  5854 | D:6      | Killed Dowan
  5855 | D:6      | Reached XP level 8. HP: 38/57 MP: 12/15
  6076 | D:6      | Reached * piety under Vehumet
  6076 | D:6      | Offered knowledge of Shock by Vehumet.
  6084 | D:6      | Learned a level 1 spell: Shock
  6090 | D:6      | Learned a level 5 spell: Iskenderun's Battlesphere
  6264 | D:6      | Slain by an ogre

Illustrated notes

Levels and vault maps discovered:
D:1:      onia_arrival_zoo_common, layout_loops_ring
D:2:      minmay_angry_zag, layout_rooms, basic_altar
D:3:      layout_loops_ring
D:4:      layout_loops_corners, minmay_temple_entry_slanted
D:5:      layout_loops_ring, fiery_altar_vehumet,
          nicolae_uskayaw_murder_on_the_dancefloor, kennysheep_doodads
D:6:      nicolae_cairo_tiling_large_dashed, layout_basic, serial_shops, shop,
          hangedman_minor_gate_pass, uniq_duvessa
Temple:   hellmonk_temple_of_storms

Skill      XL: |  1  2  3  4  5  6  7  8 |
---------------+-------------------------+-----
Conjurations   | 2 3 4 |  4.9
Translocations | 1 2 |  2.9
Fighting       | 1 2 3 |  3.1
Fire Magic     | 1 2 |  2.6
Evocations     | 1 2 |  2.8
Spellcasting   | 4 5 |  5.4
Summonings     | 2 3 |  3.1
Dodging        | |  1.7
Stealth        | |  1.7
Air Magic      | |  0.2

Action                   |  1- 3 |  4- 6 |  7- 9 || total
-------------------------+-------+-------+-------++-------
Melee: Dagger            |    25 |    86 |    77 ||   188
       Kick              |     9 |    13 |    23 ||    45
       Staff             |     8 |       |       ||     8
       Punch             |     1 |     1 |     2 ||     4
Throw: Stone             |     8 |     1 |       ||     9
 Cast: Magic Dart        |    63 |    51 |    24 ||   138
       Call Imp          |     3 |     4 |     7 ||    14
       Shock             |       |       |     3 ||     3
Evoke: Wand              |       |       |     1 ||     1
  Use: Scroll            |     4 |     7 |     4 ||    15
       Potion            |       |     2 |     2 ||     4
 Stab: Sleeping          |     2 |     1 |       ||     3
Armor: Robe              |     6 |     7 |       ||    13
       Leather armour    |       |     9 |    33 ||    42
Dodge: Dodged            |    38 |    56 |    65 ||   159

Table legend: (Time is in decaauts)
 A = Elapsed time spent in this place.
 B = Non-inter-level travel time spent in this place.
 C = Inter-level travel time spent in this place.
 D = Time resting spent in this place.
 E = Time spent auto-exploring this place.
 F = Levels seen in this place.
 G = Mean time per level.
                   A        B        C        D        E       F      G
               +--------+--------+--------+--------+--------+-----+--------+
         Total |   6274 |   5815 |    459 |   1212 |   3563 |   7 |  896.3 |
       Dungeon |   6181 |   5799 |    382 |   1212 |   3555 |   6 | 1030.2 |
        Temple |     92 |     15 |     77 |      0 |      8 |   1 |   92.0 |
               +--------+--------+--------+--------+--------+-----+--------+

Top non-repeatable levels by time:
     D:5: 1491 daAuts
     D:1: 1329 daAuts
     D:4: 1030 daAuts
     D:2: 869 daAuts
     D:3: 763 daAuts
     D:6: 696 daAuts
  Temple: 92 daAuts
